 Dungeon Crawl Stone Soup version 0.23.2-1-ga50397a6bc (webtiles) character file.

Game seed: 1751621864323038835

8850 Gargoyl the Cleaver (level 11, -1/91 HPs)
             Began as a Centaur Abyssal Knight on May 23, 2019.
             Was a High Priest of Lugonu.
             Slain by a yak (3 damage)
             ... on level 11 of the Dungeon.
             The game lasted 00:21:01 (17488 turns).

Gargoyl the Cleaver (Centaur Abyssal Knight)       Turns: 17488, Time: 00:21:01

Health: -1/91      AC: 21    Str: 17    XL:     11   Next: 15%
Magic:  16/16      EV:  5    Int: 11    God:    Lugonu [*****.]
Gold:   611        SH:  0    Dex: 10    Spells: 10/10 levels left

rFire    + . .     SeeInvis .   a - +2 hand axe
rCold    . . .     Gourm    .   (no shield)
rNeg     . . .     Faith    .   n - +1 plate armour
rPois    .         Spirit   .   t - +0 helmet
rElec    .         Reflect  .   (no cloak)
rCorr    .         Harm     .   d - +2 pair of gloves
MR       .....                  (no barding)
Stlth    ..........             x - amulet of magic regeneration
HPRegen  0.25/turn              b - ring of protection from fire
MPRegen  0.40/turn              D - +4 ring of protection

@: lethally poisoned (-1 -> -2), very quick
A: large, hooves 3, deformed body, speed 2, tough skin 3
a: Depart the Abyss, Bend Space, Banish, Corrupt, Enter the Abyss, Renounce
Religion


You were on level 11 of the Dungeon.
You worshipped Lugonu.
Lugonu was extremely pleased with you.
You were near starving.

You visited 1 branch of the dungeon, and saw 11 of its levels.
You visited the Abyss 1 time.

You collected 611 gold pieces.

Inventory:

Hand Weapons
 a - a +2 hand axe (weapon)
Missiles
 C - 2 tomahawks (quivered)
Armour
 d - a +2 pair of gloves (worn)
 n - a +1 plate armour (worn)
 t - a +0 helmet (worn)
Jewellery
 b - a ring of protection from fire (left hand)
 u - an uncursed ring of protection from fire
 x - an amulet of magic regeneration (around neck)
 D - a +4 ring of protection (right hand)
Wands
 k - a wand of disintegration (20)
 m - a wand of random effects (20)
 s - a wand of flame (51)
 w - a wand of paralysis (21)
 A - a wand of iceblast (9)
Scrolls
 f - 2 scrolls of fear
 h - 7 scrolls of identify
 i - 3 scrolls of remove curse
 r - 3 scrolls of magic mapping
 v - 3 scrolls of amnesia
 y - a scroll of torment {unknown}
 z - 2 scrolls of fog
Potions
 e - 2 potions of cancellation
 g - a potion of might {unknown}
 j - a potion of mutation {unknown}
 l - 2 potions of haste
 o - 3 potions of brilliance
 p - a potion of heal wounds
 q - 3 potions of curing
Comestibles
 c - 17 rations


   Skills:
 + Level 6.4 Fighting
 + Level 8.7 Axes
 + Level 0.1 Throwing
 * Level 8.1 Armour
 * Level 4.9 Dodging
 * Level 7.1 Invocations
 + Level 0.1 Evocations


You had 10 spell levels left.
You didn't know any spells.
Your spell library contained the following spells:

 Spells                   Type           Power        Failure   Level  Hunger
 Freeze                   Ice            #...         100%        1    ##.....
 Sting                    Conj/Pois      #...         100%        1    ##.....
 Poisonous Vapours        Pois/Air       #.....       100%        2    ###....
 Throw Frost              Conj/Ice       #.....       100%        2    ###....
 Mephitic Cloud           Conj/Pois/Air  #.......     100%        3    ####...
 Ozocubu's Armour         Chrm/Ice       #.......     100%        3    ####...
 Olgreb's Toxic Radiance  Pois           #.......     100%        4    #####..
 Summon Ice Beast         Ice/Summ       #.......     100%        4    #####..
 Throw Icicle             Conj/Ice       #.......     100%        4    #####..
 Venom Bolt               Conj/Pois      #.........   100%        5    ######.


Dungeon Overview and Level Annotations

Branches:
Dungeon (11/15)            Temple (0/1) D:4            Lair (0/6) D:8
    Orc (0/2) D:10

Altars:
Ashenzari
Cheibriados
Fedhas
Nemelex Xobeh
Okawaru
Ru
Wu Jian
Zin


Innate Abilities, Weirdness & Mutations

You have hooves in place of feet.
Armour fits poorly on your strangely shaped body.
You cover ground very quickly.
You have extremely tough skin. (AC +3)


Message History

The yak is lightly wounded.
The yak gores you but does no damage.
You slash the yak!
The yak is heavily wounded.
The yak barely misses you.
You hit the yak but do no damage. Your kick misses the yak.
The yak is heavily wounded.
You feel sick.
Your plate armour prevents you from hitting the yak.
You kick the yak.
The yak is heavily wounded.
The yak gores you.
* * * LOW HITPOINT WARNING * * *
You slash the yak! Your kick misses the yak.
The yak is severely wounded.
The yak gores you but does no damage.
You slash the yak!
The yak is almost dead.
The yak gores you.
You die...

#.# ##<## ## #.#
##...## #W#
##.....####
#.###.......#.##
#Y##...(.......#
#.###.......#(##
#H# ##....(##.#
#.# ##...###.#
#@# ##.## #.#
#Y# ### #.# #Y#
#.# #Y# ######.#
#.# #......# #.#
#.###### #.# #.#
#.# #.#
#.######.#####


You could see a hippogriff, 4 yaks and a hungry ghost.

Vanquished Creatures
  Harold (D:8)
  Pikel (D:5)
  A centaur skeleton (D:11)
  A troll (D:9)
  A hippogriff (D:7)
  Sigmund (D:5)
  A basilisk (D:11)
  Eustachio (D:4)
  2 wyverns
  A steam dragon (D:8)
  Edmund (D:5)
  Duvessa (D:5)
  A water moccasin (D:11)
  5 ice beasts
  2 orc warriors
  A sky beast (D:7)
  A necrophage (D:7)
  3 black bears
  A phantom (D:4)
  An eye of draining (D:9)
  6 centaurs
  6 ogres
  3 crocodiles
  2 big kobolds
  4 bullfrogs
  Dowan (D:5)
  A wyvern zombie (D:6)
  A water moccasin skeleton (D:4)
  3 scorpions
  4 killer bees (D:11)
  2 howler monkeys
  5 crimson imps
  2 quasits
  A bullfrog zombie (D:6)
  2 centaur zombies (D:11)
  A jelly (D:5)
  3 hounds
  10 orc priests
  8 orc wizards
  A bullfrog skeleton (D:5)
  2 gnoll shamans
  Ijyb (D:5)
  3 iguanas
  9 worker ants
  Robin (D:4)
  10 gnolls
  7 adders
  A shadow imp (D:6)
  2 oozes
  An adder skeleton (D:4)
  A worm (D:3)
  3 dart slugs
  6 leopard geckos
  26 orcs
  5 giant cockroaches
  14 goblins
  9 hobgoblins
  14 kobolds
  5 quokkas
  A ball python (D:1)
  A ball python skeleton (D:5)
  6 bats
  4 frilled lizards
  A jackal skeleton (D:6)
  A jackal zombie (D:5)
  A quokka skeleton (D:9)
  3 rats
232 creatures vanquished.

Vanquished Creatures (others)
  A manticore (D:11)
  An orc warrior (D:7)
  4 starspawn tentacles (Abyss:1)
6 creatures vanquished.

Grand Total: 238 creatures vanquished

Notes
Turn   | Place    | Note
-------+----------+-------------------------------------------
     0 | Abyss:1  | Gargoyl the Centaur Abyssal Knight began the quest for the
                  | Orb.
     0 | Abyss:1  | Reached XP level 1. HP: 19/19 MP: 2/2
    36 | Abyss:1  | Noticed a spatial maelstrom
    49 | Abyss:1  | Noticed a spatial vortex
    50 | Abyss:1  | Noticed a spatial vortex
    54 | Abyss:1  | Noticed a spatial vortex
   103 | Abyss:1  | Noticed a tentacled starspawn
   106 | Abyss:1  | Noticed a starcursed mass
   114 | Abyss:1  | Noticed a daeva
   117 | Abyss:1  | Noticed a purple very ugly thing
   123 | D:1      | Escaped the Abyss
   500 | D:1      | Reached XP level 2. HP: 25/26 MP: 3/3
   526 | D:1      | Reached * piety under Lugonu
   744 | D:1      | Reached skill level 1 in Dodging
  1052 | D:2      | Reached XP level 3. HP: 23/31 MP: 4/4
  1224 | D:2      | Found an iron altar of Okawaru.
  2467 | D:3      | Found an ornate altar of the Wu Jian Council.
  2745 | D:4      | Reached XP level 4. HP: 38/38 MP: 5/5
  2771 | D:4      | Noticed a phantom
  2807 | D:4      | Killed a phantom
  2807 | D:4      | Reached XP level 5. HP: 31/46 MP: 5/7
  2918 | D:4      | Noticed an ogre
  2928 | D:4      | Killed an ogre
  2956 | D:4      | Reached XP level 6. HP: 12/52 MP: 8/8
  3519 | D:4      | Found a staircase to the Ecumenical Temple.
  3672 | D:4      | Reached ** piety under Lugonu
  4885 | D:4      | Noticed Robin
  4896 | D:4      | Reached XP level 7. HP: 57/58 MP: 9/9
  4897 | D:4      | Killed Robin
  5023 | D:5      | Entered Level 5 of the Dungeon
  5023 | D:5      | Noticed Eustachio
  5048 | D:4      | Killed Eustachio
  5105 | D:5      | Noticed Dowan
  5105 | D:5      | Noticed Duvessa
  5541 | D:5      | Noticed Ijyb
  5565 | D:5      | Paralysed by Ijyb for 5 turns
  5575 | D:5      | Paralysed by Ijyb for 3 turns
  5580 | D:5      | Killed Ijyb
  5948 | D:5      | Killed Duvessa
  5948 | D:5      | Reached XP level 8. HP: 36/66 MP: 11/11
  5951 | D:5      | Killed Dowan
  6207 | D:5      | Noticed Pikel
  6234 | D:5      | Killed Pikel
  6234 | D:5      | Reached skill level 5 in Axes
  6341 | D:5      | Noticed Sigmund
  6353 | D:5      | Killed Sigmund
  6378 | D:5      | Noticed Edmund
  6405 | D:5      | Killed Edmund
  6405 | D:5      | Reached skill level 5 in Armour
  6621 | D:6      | Reached skill level 5 in Invocations
  7249 | D:6      | Reached *** piety under Lugonu
  7249 | D:6      | Reached XP level 9. HP: 29/73 MP: 12/12
  7508 | D:6      | Reached skill level 5 in Fighting
 10073 | D:7      | Found a glowing silver altar of Zin.
 10103 | D:7      | You fall through a shaft for 3 floors!
 10103 | D:10     | Entered Level 10 of the Dungeon
 10383 | D:9      | Noticed a troll
 10542 | D:8      | Found a staircase to the Lair.
 10546 | D:8      | Noticed Harold
 10628 | D:8      | Reached XP level 10. HP: 51/81 MP: 14/14
 10633 | D:8      | Reached **** piety under Lugonu
 10689 | D:8      | Killed Harold
 12434 | D:8      | Found a blossoming altar of Fedhas.
 13149 | D:9      | Found a snail-covered altar of Cheibriados.
 13150 | D:9      | Found a sparkling altar of Nemelex Xobeh.
 14663 | D:9      | Found a sacrificial altar of Ru.
 14754 | D:10     | Found a shattered altar of Ashenzari.
 15075 | D:10     | Found a staircase to the Orcish Mines.
 15989 | D:11     | Reached ***** piety under Lugonu
 16379 | D:11     | Noticed a manticore
 16391 | D:11     | Banished a manticore
 16391 | D:11     | Reached XP level 11. HP: 5/89 MP: 16/16
 17461 | D:11     | HP: 4/91 [poisoned by a killer bee]
 17467 | D:11     | HP: 3/91 [poisoned by a killer bee]
 17475 | D:11     | HP: 3/91 [poisoned by a killer bee]
 17480 | D:11     | HP: 3/91 [poisoned by a killer bee]
 17485 | D:11     | HP: 2/91 [poisoned by a killer bee]
 17488 | D:11     | Slain by a yak

Skill      XL: |  1  2  3  4  5  6  7  8  9 10 11 |
---------------+----------------------------------+-----
Dodging        | 1 2 3 4 |  4.9
Axes           | 2 3 4 6 7 8 |  8.7
Armour         | 2 3 4 5 6 7 8 |  8.1
Invocations    | 3 4 5 7 |  7.1
Fighting       | 4 5 6 |  6.4
Throwing       | |  0.1
Evocations     | |  0.1

Action                   |  1- 3 |  4- 6 |  7- 9 | 10-12 || total
-------------------------+-------+-------+-------+-------++-------
Melee: Hand axe          |   114 |    93 |   564 |   624 ||  1395
       Kick              |    19 |    20 |   151 |   130 ||   320
Throw: Tomahawk          |       |       |     2 |     1 ||     3
Invok: Depart the Abyss  |     1 |       |       |       ||     1
       Banish            |       |       |     2 |     1 ||     3
       Bend Space        |       |       |     1 |     1 ||     2
Evoke: Wand              |       |     2 |     3 |     4 ||     9
  Use: Scroll            |     9 |     2 |    11 |     3 ||    25
       Potion            |       |       |     2 |     8 ||    10
 Stab: Invisible         |       |       |       |     3 ||     3
       Held in net/web   |       |       |       |     2 ||     2
  Eat: Chunk             |     4 |     5 |    12 |    12 ||    33
       Ration            |       |       |     2 |     2 ||     4
Armor: Leather armour    |    42 |       |       |       ||    42
       Plate armour      |    19 |    57 |   551 |   451 ||  1078
Dodge: Dodged            |    62 |     7 |   108 |   124 ||   301
